 Dungeon Crawl Stone Soup version 0.29.1-13-g9f3cf754e1 (webtiles) character file.

Game seed: 8677189045293280010

3609 Oxelix the Fighter (level 10, -9/80 HPs)
             Began as a Djinni Fire Elementalist on Jan 24, 2023.
             Was an Initiate of Ashenzari.
             Mangled by an orc warrior
             ... wielding a +0 flail
              (19 damage)
             ... on level 8 of the Dungeon.
             The game lasted 00:21:32 (8908 turns).

Oxelix the Fighter (Djinni Fire Elementalist)       Turns: 8908, Time: 00:21:34

Health: -9/80      AC: 10    Str:  7    XL:     10   Next: 32%
Gold:   378        EV: 12    Int: 20    God:    Ashenzari [......] SH:  0 Dex: 15

rFire   + + +      SeeInvis .   l - staff of fire
rCold   x . .      Faith    .   (no shield)
rNeg    . . .      Spirit   .   v - +0 leather armour
rPois   ∞          Reflect  .   f - +0 helmet of Supernal Understanding {Fort, Cun} (curse)
rElec   .          Harm     .   (no cloak)
rCorr   .          Rampage  .   m - +1 pair of gloves
Will    +....                   (boots unavailable)
Stlth   ++........              (no amulet)
HPRegen 0.23/turn               w - +4 ring of protection
MPRegen 0.00/turn               B - ring of wizardry

@: flying
A: sickness immunity, fire resistance 2, cold vulnerability 1, float, innate
caster, HP casting, extra vitality 1
a: Renounce Religion, Curse Item, Shatter the Chains


You were on level 8 of the Dungeon.
You worshipped Ashenzari.
Ashenzari was noncommittal.
You visited 2 branches of the dungeon, and saw 10 of its levels.

You collected 378 gold pieces.

Inventory:

Hand Weapons
 c - a +1 dagger of venom
Missiles
 z - 2 throwing nets
Armour
 f - the cursed +0 helmet of Supernal Understanding (worn) {Fort, Cun}
   (You found it on level 1 of the Dungeon)

   It has a curse which improves the following skills: Fortitude: Armour and
   Shields.
   Cunning:   Dodging and Stealth.
 m - a +1 pair of gloves (worn)
 v - a +0 leather armour (worn)
 H - +0 acid dragon scales
Magical Staves
 l - a staff of fire (weapon)
Jewellery
 j - a ring of resist corrosion
 q - a ring of willpower
 w - a +4 ring of protection (left hand)
 B - a ring of wizardry (right hand)
 I - a +4 ring of evasion
Wands
 F - a wand of roots (14)
Scrolls
 a - a scroll of torment {unknown}
 b - 7 scrolls of identify {unknown}
 d - 2 scrolls of enchant weapon {unknown}
 g - 2 scrolls of blinking {unknown}
 k - a scroll of magic mapping {unknown}
 n - a scroll of fear {unknown}
 s - 2 scrolls of teleportation {unknown}
 t - 3 scrolls of amnesia {unknown}
 u - a scroll of noise {unknown}
 y - 2 scrolls of vulnerability {unknown}
 A - 2 scrolls of immolation {unknown}
 D - 2 scrolls of silence {unknown}
 E - a scroll of summoning {unknown}
Potions
 e - a potion of curing
 h - 2 potions of might {unknown}
 i - 3 potions of lignification {unknown}
 o - a potion of haste {unknown}
 p - 2 potions of invisibility {unknown}
 r - a potion of heal wounds {unknown}
 x - 2 potions of flight {unknown}
 C - a potion of attraction {unknown}
 G - a potion of degeneration {unknown}


   Skills:
 + Level 10.0 Fighting
 - Level 2.1(2.5) Dodging
 - Level 1.5(1.9) Stealth
 + Level 8.1 Spellcasting


You had 2 spell levels left.
You knew the following spells:

 Your Spells              Type           Power      Damage    Failure   Level
a - Foxfire               Conj/Fire      100%       2x1d9     1%          1
b - Scorch                Fire           100%       2d10      1%          2
c - Conjure Flame         Conj/Fire      57%        6-21      1%          3
d - Inner Flame           Hex/Fire       57%        N/A       1%          3
e - Flame Wave            Conj/Fire      57%        2d14      1%          4
f - Freeze                Ice            100%       1d11      1%          1
g - Poisonous Vapours     Pois/Air       80%        N/A       1%          2
h - Swiftness             Air            40%        N/A       1%          3
i - Ice Form              Ice/Tmut       40%        N/A       1%          4
Your spell library was empty.

Dungeon Overview and Level Annotations

Branches:
Dungeon (9/15)             Temple (1/1) D:5
   Lair: D:8-11         Orc: D:9-12

Altars:
Ashenzari
Cheibriados
Dithmenos
Elyvilon
Fedhas
Gozag
Hepliaklqana
Makhleb
Nemelex Xobeh
Okawaru
Qazlal
Ru
Trog
Uskayaw
Wu Jian
Xom
Yredelemnul
Zin

Shops:
D:5 [   D:9 (


Innate Abilities, Weirdness & Mutations

You are immune to sickness and miasma.
You are immune to poison.
Your flesh is very heat resistant. (rF++)
You are vulnerable to cold. (rC-)
You float through the air rather than walking.
You learn spells naturally, not from books.
Your magical power is your life essence.
You have superior vitality. (+4 MHP)


Message History

Casting: Scorch (safe; 1% risk of failure)
Confirm with . or Enter, or press ? or * to list all spells.
You feel a surge of power!
Flames lash the orc warrior.
The orc warrior is lightly wounded.
The orc warrior's fire resistance burns away.
The orc warrior is no longer more vulnerable to fire.
The orc warrior hits you with a +0 flail!
The orc warrior hits you but does no damage.
Casting: Scorch (safe; 1% risk of failure)
Confirm with . or Enter, or press ? or * to list all spells.
You feel a surge of power!
Flames lash the orc warrior.
The orc warrior is severely wounded.
The orc warrior's fire resistance burns away.
The orc warrior curses loudly.
The orc warrior hits you with a +0 flail!
* * * LOW HITPOINT WARNING * * *
The orc warrior hits you from afar with a +0 halberd!
* * * LOW HITPOINT WARNING * * *
The orc warrior completely misses you. The orc warrior barely misses you.
You fly upwards.
There is a stone staircase leading down here.
Casting: Scorch (safe; 1% risk of failure)
Confirm with . or Enter, or press ? or * to list all spells.
You feel a surge of power!
Flames lash the orc warrior but do no damage.
* * * LOW HITPOINT WARNING * * *
The orc warrior closely misses you.
It was a potion of curing.
You feel better.
The orc warrior is no longer more vulnerable to fire.
The orc warrior hits you with a +0 flail!
* * * LOW HITPOINT WARNING * * *
You feel better. The orc warrior closely misses you.
Casting: Scorch (safe; 1% risk of failure)
Confirm with . or Enter, or press ? or * to list all spells.
You feel a surge of power!
Flames lash the orc warrior.
The orc warrior is almost dead.
The orc warrior's fire resistance burns away.
* * * LOW HITPOINT WARNING * * *
The orc warrior hits you with a +0 flail!!
You die...

.......###..........###.....#
......## ###...#.....#......#
....### ##.##............#
...## #### ####............#
.### ###..## #............#
## ###.....## #............#
# ##........# ##...........#
#.........# ##............#
##.........###.@o##........#
#.........###...#####......##
#.........##...## ###.....#
####.....#...##.## ###..##
####.#...###..## ##.#
###...###....# #.##
#...####.....# ##.# #.###
####### ### ###


You could see an orc warrior (combustible).

Vanquished Creatures
  Grinder (D:3)
  A shadow (D:7)
  A wyvern (D:7)
  Menkaure (D:6)
  2 water moccasins
  An acid dragon (D:8)
  3 orc warriors
  2 sky beasts (D:6)
  2 black bears
  2 ogres (D:6)
  An ice beast (D:6)
  2 centaurs
  A phantom (D:6)
  A bullfrog (D:7)
  4 necrophages
  2 gnoll sergeants
  3 scorpions
  4 killer bees (D:8)
  A howler monkey (D:8)
  A gnoll bouda (D:5)
  3 jellies
  A hound (D:7)
  An orc priest (D:9)
  4 iguanas
  An orc wizard (D:9)
  Robin (D:2)
  22 gnolls
  9 adders
  2 white imps
  2 ufetubi
  4 adder zombies (D:4)
  2 worms
  15 orcs
  4 ball pythons
  4 bats
  4 endoplasms
  3 giant cockroaches
  20 goblins
  8 hobgoblins
  8 kobolds
  2 quokkas
  4 frilled lizards
  A rat (D:2)
  3 bushes (D:4)
164 creatures vanquished.

Vanquished Creatures (collateral kills)
  5 foxfires (D:4)
5 creatures vanquished.

Vanquished Creatures (others)
  506 foxfires
  10 plants (D:4)
516 creatures vanquished.

Grand Total: 685 creatures vanquished

Notes
Turn   | Place    | Note
-------+----------+-------------------------------------------
     0 | D:1      | Oxelix the Djinni Fire Elementalist began the quest for the
                  | Orb.
     0 | D:1      | Oxelix set off with the following spells memorised:
                  | Foxfire, Scorch, Conjure Flame, Inner Flame, Flame Wave.
     0 | D:1      | Reached XP level 1. HP: 15/15 MP: 0/0
    51 | D:1      | Found a faded altar of an unknown god.
   357 | D:1      | Reached skill level 1 in Fighting
   357 | D:1      | Reached XP level 2. HP: 18/22 MP: 0/0
   637 | D:1      | Reached XP level 3. HP: 22/27 MP: 0/0
   637 | D:1      | Learned a level 1 spell: Freeze
  1201 | D:2      | Noticed Robin
  1221 | D:1      | Reached skill level 2 in Fighting
  1583 | D:2      | Reached XP level 4. HP: 26/33 MP: 0/0
  1782 | D:2      | Killed Robin
  1783 | D:2      | Reached XP level 5. HP: 26/40 MP: 0/0
  1783 | D:2      | Learned a level 2 spell: Poisonous Vapours
  1920 | D:2      | Reached skill level 3 in Fighting
  2979 | D:3      | Noticed Grinder
  2986 | D:3      | Killed Grinder
  2987 | D:3      | Reached skill level 4 in Fighting
  2987 | D:3      | Reached XP level 6. HP: 41/47 MP: 0/0
  2987 | D:3      | Identified the +8 sling of Ihyudd {venom, Fragile rPois
                  | SInv}
  3256 | D:4      | Reached XP level 7. HP: 50/53 MP: 0/0
  3256 | D:4      | Learned a level 3 spell: Swiftness
  3395 | D:4      | Found an opulent altar of Gozag.
  3492 | D:4      | You are sucked into a shaft and drop 1 floor!
  3492 | D:5      | Entered Level 5 of the Dungeon
  3683 | D:4      | Found a blossoming altar of Fedhas.
  4165 | D:4      | Reached skill level 5 in Fighting
  4185 | D:4      | Reached skill level 5 in Spellcasting
  4323 | D:5      | Reached XP level 8. HP: 56/60 MP: 0/0
  4488 | D:5      | Found a staircase to the Ecumenical Temple.
  4495 | Temple   | Entered the Ecumenical Temple
  4808 | Temple   | Became a worshipper of Ashenzari the Shackled
  4840 | D:5      | Found a stormy altar of Qazlal.
  5138 | D:5      | Found Gohemawk's Antique Armour Emporium.
  5167 | D:5      | Reached skill level 6 in Fighting
  5315 | D:5      | Found a glowing silver altar of Zin.
  5493 | D:6      | Noticed Menkaure
  5498 | D:6      | Killed Menkaure
  5712 | D:6      | Reached skill level 7 in Fighting
  5714 | D:6      | Reached XP level 9. HP: 46/68 MP: 0/0
  5714 | D:6      | Learned a level 4 spell: Ice Form
  6072 | D:6      | Reached skill level 8 in Fighting
  7007 | D:7      | Found a white marble altar of Elyvilon.
  7406 | D:7      | Reached skill level 9 in Fighting
  7764 | D:8      | Identified the cursed +0 helmet of Supernal Understanding
                  | {Fort, Cun} (You found it on level 1 of the Dungeon)
  7793 | D:8      | Reached XP level 10. HP: 75/78 MP: 0/0
  8138 | D:8      | Found a bloodstained altar of Trog.
  8547 | D:8      | Found a sacrificial altar of Ru.
  8887 | D:9      | Found Zaptuus's Weapon Emporium.
  8897 | D:9      | Reached skill level 10 in Fighting
  8902 | D:9      | HP: 2/80 [orc warrior/+0 halberd (15)]
  8908 | D:8      | Mangled by an orc warrior

Illustrated notes

Levels and vault maps discovered:
D:1:      lightli_arrival_maybe_door_vault, layout_loops_ring,
          dreamdust_ecumenical_altar_grove
D:2:      layout_basic, minmay_pentomino_t4, uniq_robin
D:3:      layout_basic, serial_corexii_hall, corexii_hall_statues_t,
          chequers_hall_statues_y, corexii_hall_statues_x, uniq_grinder
D:4:      layout_basic, general_overflow_altar, fedhas_altar_decomposition
D:5:      layout_basic, nicolae_qazlal_eye_of_the_storm,
          mainiacjoe_overflow_alcove_2, minmay_temple_entry_junction,
          serial_shops, nicolae_shop_stone, serial_park_tiny_2
D:6:      layout_gridville, corexii_leaking_fountain, kennysheep_dice,
          uniq_menkaure
D:7:      layout_loops_ring, elyvilon_altar_3, minivault_19
D:8:      layout_cave_pods, trog_butcher_becter, nicolae_ru_awakened_eye,
          minmay_misc_feat_chi
D:9:      minmay_skewed_foursquare, layout_basic, tso_metal_star, orc_david_3,
          enter_bailey_2, minmay_statue_crystal_thing, uniq_erica
Temple:   jpeg_temple_clearing

Skill      XL: |  1  2  3  4  5  6  7  8  9 10 |
---------------+-------------------------------+-----
Fighting       | 1 2 4 5 7 9 10 | 10.0
Spellcasting   | 3 4 5 6 7 8 |  8.1
Dodging        | |  2.1
Stealth        | |  1.5

Action                   |  1- 3 |  4- 6 |  7- 9 | 10-12 || total
-------------------------+-------+-------+-------+-------++-------
Melee: Dagger            |     7 |     4 |       |       ||    11
       Unarmed           |     1 |       |       |       ||     1
       Staff             |       |     2 |     3 |       ||     5
 Cast: Foxfire           |    42 |    81 |   143 |    32 ||   298
       Scorch            |     7 |     4 |    45 |    14 ||    70
       Poisonous Vapours |       |       |    18 |     1 ||    19
       Flame Wave        |       |       |     5 |     3 ||     8
       Conjure Flame     |       |       |     1 |       ||     1
       Ice Form          |       |       |     1 |       ||     1
Invok: Curse Item        |       |       |     1 |       ||     1
  Use: Potion            |       |       |       |     2 ||     2
 Stab: Sleeping          |       |     1 |       |       ||     1
Armor: Robe              |     4 |     3 |     1 |       ||     8
       Leather armour    |       |       |     6 |     3 ||     9
Dodge: Dodged            |    20 |     4 |    15 |     7 ||    46
